 Dungeon Crawl Stone Soup version 0.31-a0-963-ga325b2283a (webtiles) character file.

Game seed: 88618898978488467

245 sokol815 the Sneak (level 6, -1/36 HPs)
             Began as an Octopode Earth Elementalist on Oct 25, 2023.
             Was an Initiate of Gozag.
             Slain by a scorpion (7 damage)
             ... on level 4 of the Dungeon.
             The game lasted 00:04:56 (2759 turns).

sokol815 the Sneak (Octopode Earth Elementalist)    Turns: 2759, Time: 00:04:56

Health: -1/36      AC:  1    Str:  7    XL:     6   Next: 10%
Magic:  15/18      EV: 13    Int: 20    God:    Gozag
Gold:   157        SH:  0    Dex: 12    Spells: 8/9 levels left

rFire   . . .        a - +0 dagger
rCold   . . .        (no shield)
rNeg    . . .        (helmet restricted)
rPois   .            b - amulet of the acrobat
rElec   .            Q - +4 ring of slaying
rCorr   .            V - ring of see invisible {sInv, !d}
SInv    +            o - ring of magical power {MP+9}
Will    .....        (no ring)
Stlth   ++++         (no ring)
HPRegen 0.26/turn    (no ring)
MPRegen 0.16/turn    (no ring)
                     (no ring)

%: acrobat
@: lethally poisoned (-1 -> -15)
A: almost no armour, amphibious, 8 rings, camouflage 1, gelatinous body 1,
(nimble swimmer 1), tentacles
a: Renounce Religion, Potion Petition, Call Merchant, Bribe Branch


You were on level 4 of the Dungeon.
You worshipped Gozag.
Gozag was aware of your devotion.
You visited 2 branches of the dungeon, and saw 5 of its levels.

You collected 237 gold pieces.
You paid 80 gold pieces to Gozag.

Inventory:

Hand Weapons
 a - a +0 dagger (weapon)
   (You took it off a goblin on level 1 of the Dungeon)
Missiles
 s - 4 stones
Jewellery
 b - an amulet of the acrobat (around mantle)
   (You found it on level 4 of the Dungeon)
 o - a ring of magical power (on tentacle) {MP+9}
   (You found it on level 3 of the Dungeon)
 Q - a +4 ring of slaying (left tentacle)
   (You found it on level 1 of the Dungeon)
 V - a ring of see invisible (right tentacle) {sInv, !d}
   (You found it on level 2 of the Dungeon)
Scrolls
 c - 3 scrolls of blinking {unknown}
 f - a scroll of vulnerability {unknown}
 g - a scroll of butterflies {unknown}
 h - a scroll of enchant armour {unknown}
 j - a scroll of teleportation {unknown}
 k - a scroll of enchant weapon {unknown}
 l - a scroll of fog {unknown}
 E - a scroll of fear
Potions
 e - a potion of degeneration {unknown}
 m - a potion of curing {unknown}
 q - a potion of brilliance {unknown}
 H - 2 potions of haste
 M - a potion of magic
 R - a potion of resistance


   Skills:
 + Level 3.4 Short Blades
 - Level 2.0 Dodging
 + Level 7.0 Stealth
 - Level 2.0 Spellcasting
 - Level 1.0 Transmutations
 - Level 3.0 Earth Magic


You had 8 spell levels left.
You knew the following spells:

 Your Spells              Type           Power      Damage    Failure   Level
a - Sandblast             Erth           28%        2d8       4%          1

Your spell library contained the following spells:

 Spells                   Type           Power      Damage    Failure   Level
 Passwall                 Tmut/Erth      8%         N/A       11%         2
 Slow                     Hex            8%         N/A       16%         1
 Blink                    Tloc           4%         N/A       24%         2
 Lesser Beckoning         Tloc           4%         N/A       24%         2
 Momentum Strike          Conj/Tloc      4%         3d8       24%         2
 Stone Arrow              Conj/Erth      16%        3d8       26%         3
 Confusing Touch          Hex            2%         N/A       43%         3
 Sigil of Binding         Hex            2%         N/A       43%         3
 Vampiric Draining        Necr           2%         2d6       43%         3
 Petrify                  Tmut/Erth      10%        N/A       56%         4
 Brom's Barrelling Bould  Conj/Erth      8%         2d3       63%         4
 Manifold Assault         Tloc           2%         N/A       83%         4
 Olgreb's Toxic Radiance  Pois           2%         N/A       83%         4
 Discord                  Hex            1%         N/A       100%        8
 Ignition                 Fire           1%         3d3       100%        8


Dungeon Overview and Level Annotations

Branches:
Dungeon (4/15) Zot: 21312  Temple (1/1) D:4 Zot: 5919

Altars:
Ashenzari
Cheibriados
Dithmenos
Elyvilon
Fedhas
Gozag
Hepliaklqana
Kikubaaqudgha
Makhleb
Nemelex Xobeh
Okawaru
Qazlal
Ru
Sif Muna
Trog
Uskayaw
Vehumet
Wu Jian
Yredelemnul
Zin
The Shining One


Innate Abilities, Weirdness & Mutations

You cannot wear most types of armour.
You are amphibious.
You can wear up to eight rings at the same time.
Your skin changes colour to match your surroundings (Stealth+).
Your rubbery body absorbs attacks. (AC +1, EV +1)
((You are camouflaged when in or above water. (Stealth+)))
You have tentacles for arms and can constrict up to eight enemies at once.


Message History

You feel much better.
You feel sick.
You regained 29 hp, and now have 35/36 hp.
Press: ? - help, Q - select action, (/) - cycle Shift-Dir - straight line, f - you
Okay, then.
You feel sick.
You feel sick.
You feel sick.
You feel sick.
You feel sick.
You are no longer poisoned.
Your magical contamination has completely faded away.
You take 3 damage, and have 32/36 hp.
You now have 157 gold pieces (gained 5).
n - 2 scrolls of identify {@r1} (gained 1)
Found a stone staircase leading up.
Health restored: 36; MP restored: 18
As you read the scroll of identify {@r1}, it crumbles to dust.
d - 2 potions of haste;
H - 2 potions of haste
As you read the scroll of identify {@r1}, it crumbles to dust.
i - a potion of resistance;
R - a potion of resistance A scorpion comes into view.
The blast of sand hits the scorpion.
You now have 17/18 mp.
Press: ? - help, Q - select action, (/) - cycle Shift-Dir - straight line, f/p - scorpion
Aim: a scorpion (lightly wounded, 82% to hit)
The blast of sand hits the scorpion but does no damage.
The scorpion stings you.
You take 3 damage, and have 33/36 hp.
You now have 16/18 mp.
Press: ? - help, Q - select action, (/) - cycle Shift-Dir - straight line, f/p - scorpion
Aim: a scorpion (lightly wounded, 82% to hit)
The blast of sand hits the scorpion but does no damage.
The scorpion barely misses you. The scorpion stings you.
You take 5 damage, and have 28/36 hp.
You now have 15/18 mp.
Press: ? - help, Q - select action, (/) - cycle Shift-Dir - straight line, f/p - scorpion
Aim: a scorpion (lightly wounded, 82% to hit)
The blast of sand hits the scorpion but does no damage.
The scorpion barely misses you.
Press: ? - help, Q - select action, (/) - cycle Shift-Dir - straight line, f/p - scorpion
Aim: a scorpion (lightly wounded, 82% to hit)
The blast of sand misses the scorpion.
The scorpion stings you.
You are poisoned.
The scorpion poisons you! The scorpion stings you.
You take 9 damage, and have 19/36 hp.
MASSIVE DAMAGE!!
You now have 14/18 mp.
You closely miss the scorpion. Your grab misses the scorpion.
You squeeze the scorpion.
You feel sick. The scorpion stings you.
You take 6 damage, and have 13/36 hp.
You hit the scorpion but do no damage. Your grab misses the scorpion.
You feel sick. The scorpion stings you.
* * * LOW HITPOINT WARNING * * *
You take 6 damage, and have 7/36 hp.
Unknown command.
You closely miss the scorpion. You grab the scorpion. You squeeze the scorpion.
You constrict the scorpion, but do no damage.
You feel sick. The scorpion stings you.
* * * LOW HITPOINT WARNING * * *
You are lethally poisoned!
The scorpion poisons you!
You take 3 damage, and have 4/36 hp.
Unknown command.
You feel much better.
You constrict the scorpion, but do no damage.
You feel very sick. The scorpion stings you.
You regained 10 hp, and now have 14/36 hp.
You hit the scorpion but do no damage.
You constrict the scorpion, but do no damage.
You feel sick. The scorpion stings you.
* * * LOW HITPOINT WARNING * * *
You take 8 damage, and have 6/36 hp.
MASSIVE DAMAGE!!
You feel much better.
You constrict the scorpion, but do no damage.
You feel very sick. The scorpion stings you.
The scorpion completely misses you.
You regained 16 hp, and now have 22/36 hp.
You hit the scorpion.
You constrict the scorpion, but do no damage.
You feel sick. The scorpion stings you.
You take 8 damage, and have 14/36 hp.
MASSIVE DAMAGE!!
You hit the scorpion. You squeeze the scorpion.
You constrict the scorpion, but do no damage.
You feel sick.
You take 1 damage, and have 13/36 hp.
You hit the scorpion. You constrict the scorpion.
You feel sick. The scorpion stings you.
* * * LOW HITPOINT WARNING * * *
You are lethally poisoned!
The scorpion poisons you!
You take 5 damage, and have 8/36 hp.
You completely miss the scorpion.
You constrict the scorpion, but do no damage.
* * * LOW HITPOINT WARNING * * *
You feel very sick. The scorpion stings you!
You die...
Your body crumbles into a pile of gold.

#.. #....#.. ....... #..
##......# ......#. #...
.......##. ....#.
##...+##........##......
...........##.........#
...........##........<#
...........##........)##
......s@...##...........
...........##.##.....###
..##..........###.......
#..........###.......
#..................#.
.....................#
.................#+....
.................#....#
...........###.###.#.


You could see a scorpion.

Vanquished Creatures
  A phantom (D:3)
  A scorpion (D:4)
  6 adders
  3 worms
  A dart slug (D:2)
  3 orcs (D:3)
  6 bats
  An endoplasm (D:1)
  2 giant cockroaches
  5 goblins
  3 hobgoblins
  6 kobolds
  2 quokkas
  4 ball pythons (D:1)
  5 frilled lizards
  4 rats
53 creatures vanquished.

Notes
Turn   | Place    | Note
-------+----------+-------------------------------------------
     0 | D:1      | sokol815 the Octopode Earth Elementalist began the quest
                  | for the Orb.
     0 | D:1      | Reached XP level 1. HP: 11/11 MP: 3/3
    40 | D:1      | Reached skill level 3 in Stealth
   106 | D:1      | Reached XP level 2. HP: 17/17 MP: 5/5
   218 | D:1      | Reached skill level 4 in Stealth
   780 | D:2      | Reached XP level 3. HP: 21/21 MP: 6/6
   793 | D:2      | Reached skill level 1 in Short Blades
   793 | D:2      | Reached skill level 5 in Stealth
   970 | D:2      | Reached XP level 4. HP: 27/27 MP: 7/7
  1831 | D:3      | Reached skill level 2 in Short Blades
  1967 | D:3      | Found a faded altar of an unknown god.
  2241 | D:3      | Noticed a phantom
  2251 | D:3      | Reached skill level 6 in Stealth
  2253 | D:3      | Reached XP level 5. HP: 31/31 MP: 8/8
  2259 | D:3      | Killed a phantom
  2260 | D:3      | Reached skill level 3 in Short Blades
  2582 | D:4      | Found a staircase to the Ecumenical Temple.
  2590 | Temple   | Entered the Ecumenical Temple
  2631 | Temple   | Became a worshipper of Gozag Ym Sagoz the Greedy
  2685 | D:4      | HP: 7/31 [scorpion (3)]
  2687 | D:4      | Reached skill level 7 in Stealth
  2687 | D:4      | Reached XP level 6. HP: 6/36 MP: 9/9
  2751 | D:4      | HP: 7/36 [scorpion (5)]
  2758 | D:4      | HP: 8/36 [scorpion (4)]
  2759 | D:4      | Slain by a scorpion

Illustrated notes

Levels and vault maps discovered:
D:1:      lightli_arrival_maybe_door_vault, layout_loops_ring
D:2:      layout_loops_corners, columned_hall_lemuel
D:3:      minmay_chambers_of_threes, layout_loops_cross,
          shapermc_ecumenical_altar_flowoftime, corner_web_ring
D:4:      layout_basic, minmay_temple_entry_crystal_x
Temple:   mainiacjoe_temple_archimedes_tessellation

Skill      XL: |  1  2  3  4  5 |
---------------+----------------+-----
Stealth        | 3 4 5 6 7 |  7.0
Short Blades   | 1 2 3 |  3.4
Dodging        | |  2.0
Spellcasting   | |  2.0
Transmutations | |  1.0
Earth Magic    | |  3.0

Action                     |  1- 3 |  4- 6 || total
---------------------------+-------+-------++-------
  Melee: Dagger            |    42 |    31 ||    73
         Tentacles         |     7 |     8 ||    15
         Constrict         |     5 |     8 ||    13
         Unarmed           |     2 |       ||     2
   Cast: Sandblast         |       |    30 ||    30
    Use: Scroll            |       |     4 ||     4
         Potion            |       |     3 ||     3
   Stab: Sleeping          |    15 |     2 ||    17
         Distracted        |     1 |       ||     1
 Armour: Skin              |     9 |    27 ||    36
  Dodge: Dodged            |    20 |    18 ||    38

Table legend: (Time is in decaauts)
 A = Elapsed time spent in this place.
 B = Non-inter-level travel time spent in this place.
 C = Inter-level travel time spent in this place.
 D = Time resting spent in this place.
 E = Time spent auto-exploring this place.
 F = Levels seen in this place.
 G = Mean time per level.
                   A        B        C        D        E       F      G
               +--------+--------+--------+--------+--------+-----+--------+
         Total |   2767 |   2567 |    200 |     15 |   2172 |   5 |  553.4 |
       Dungeon |   2686 |   2565 |    121 |     15 |   2172 |   4 |  671.5 |
        Temple |     80 |      1 |     79 |      0 |      0 |   1 |   80.0 |
               +--------+--------+--------+--------+--------+-----+--------+

Top non-repeatable levels by time:
     D:3: 1023 daAuts
     D:2: 850 daAuts
     D:1: 677 daAuts
     D:4: 134 daAuts
  Temple: 80 daAuts

Levels and vault maps discovered:
D:1:      lightli_arrival_maybe_door_vault, layout_loops_ring
D:2:      layout_loops_corners, columned_hall_lemuel
D:3:      minmay_chambers_of_threes, layout_loops_cross,
          shapermc_ecumenical_altar_flowoftime, corner_web_ring
D:4:      layout_basic, minmay_temple_entry_crystal_x
Temple:   mainiacjoe_temple_archimedes_tessellation

Table legend: (Time is in decaauts)
 A = Elapsed time spent in this place.
 B = Non-inter-level travel time spent in this place.
 C = Inter-level travel time spent in this place.
 D = Time resting spent in this place.
 E = Time spent auto-exploring this place.
 F = Levels seen in this place.
 G = Mean time per level.
                   A        B        C        D        E       F      G
               +--------+--------+--------+--------+--------+-----+--------+
         Total |   2767 |   2567 |    200 |     15 |   2172 |   5 |  553.4 |
       Dungeon |   2686 |   2565 |    121 |     15 |   2172 |   4 |  671.5 |
        Temple |     80 |      1 |     79 |      0 |      0 |   1 |   80.0 |
               +--------+--------+--------+--------+--------+-----+--------+

Top non-repeatable levels by time:
     D:3: 1023 daAuts
     D:2: 850 daAuts
     D:1: 677 daAuts
     D:4: 134 daAuts
  Temple: 80 daAuts

Table legend:
 A = Kills in this place as a percentage of kills in the entire game.
 B = Kills by you in this place as a percentage of kills by you in the entire game.
 C = Kills by friends in this place as a percentage of kills by friends in the entire game.
 D = Other kills in this place as a percentage of other kills in the entire game.
 E = Experience gained in this place as a percentage of experience gained in the entire game.
 F = Experience gained in this place divided by the number of levels of this place that you have seen.
                   A       B       C       D       E      F
               +-------+-------+-------+-------+-------+----------------------
         Total | 100.0 | 100.0 |   N/A |   N/A | 100.0 |  70.0
       Dungeon | 100.0 | 100.0 |   N/A |   N/A | 100.0 |  87.5
               +-------+-------+-------+-------+-------+----------------------
